 Dungeon Crawl Stone Soup version 0.16.1-4-g8e1b745 (webtiles) character file.

147280 tkappleton the Executioner (level 16, -3/134 HPs)
             Began as a Minotaur Berserker on Mar 19, 2015.
             Was an Elder of Trog.
             Slain by a tarantella (9 damage)
             ... on level 5 of the Spider Nest on Mar 27, 2015.
             The game lasted 07:34:56 (41293 turns).

tkappleton the Executioner (Minotaur Berserker)    Turns: 41293, Time: 07:34:58

Health: -3/134     AC: 13    Str: 28    XL:     16   Next: 91%
Magic:  26/26      EV:  9    Int:  7    God:    Trog [****..]
Gold:   3556       SH:  0    Dex: 17    Spells: 0 memorised, 15 levels left

rFire  + + .     SeeInvis .     a - +4 executioner's axe (flame)
rCold  + . .     Clarity  .     D - +2 scale mail
rNeg   . . .     SustAb   .     (no shield)
rPois  +         Gourm    .     S - -4 hat "Vyho" {rF+ Int+2}
rElec  .         Spirit   .     V - +2 cloak {MR+}
rCorr  .         Warding  .     Q - +2 pair of gloves
rMut   +         Stasis   .     J - -1 pair of boots of Context {rPois}
MR     +++++                    v - amulet of resist mutation
Stlth  +++.......               P - ring of protection from cold
                                l - +5 ring of strength

@: lethally poisoned (-3 -> -12), held, regenerating, almost entirely resistant
to hostile enchantments, fairly stealthy
A: retaliatory headbutt, horns 2, large bone plates 1, thin skeletal structure
1, deformed body, fire resistance 1, magic resistance 1, sense surroundings 2,
poison resistance, MP-powered wands 2
a: Burn Spellbooks, Berserk, Trog's Hand, Brothers in Arms, Renounce Religion


You were on level 5 of the Spider Nest.
You worshipped Trog.
Trog was greatly pleased with you.
You were not hungry.

You visited 9 branches of the dungeon, and saw 37 of its levels.
You also visited: Ice Cave and Volcano.

You collected 3556 gold pieces.

Inventory:

Hand weapons
 a - a +4 executioner's axe of flaming (weapon)
 b - the +11 greatsling "Beastbane" {freeze, rN++ Str-5}
   (Trog gifted it to you on level 15 of the Dungeon)

   It causes projectiles fired from it to freeze those they strike, causing
   extra injury to most foes and up to half again as much damage against
   particularly susceptible opponents.
   They can also slow down cold-blooded creatures.
   It affects your strength (-5).
   It greatly protects you from negative energy.
Missiles
 o - 6 javelins of returning
 p - 12 sling bullets of frost
 A - 152 stones
 G - 9 silver javelins
 H - a javelin of penetration
 N - 2 poisoned tomahawks
 U - 17 tomahawks of returning
 W - 12 exploding sling bullets
 Z - 3 steel tomahawks
Armour
 D - a +2 scale mail (worn)
 F - the +3 robe of Clouds {+Fly rElec}
   (You found it in an ice cave)

   It insulates you from electricity.
   It lets you fly.
 J - the -1 pair of boots of Context (worn) {rPois}
   (You found it on level 3 of the Spider Nest)

   It protects you from poison.
 K - the +5 ring mail of Vueziel {rPois rN+ Int+3}
   (You found it in an ice cave)

   It affects your intelligence (+3).
   It protects you from poison.
   It protects you from negative energy.
 Q - a +2 pair of gloves (worn)
 S - the -4 hat "Vyho" (worn) {rF+ Int+2}
   (You found it on level 8 of the Lair of Beasts)

   It affects your intelligence (+2).
   It protects you from fire.
 V - a +2 cloak of magic resistance (worn)
Jewellery
 l - a +5 ring of strength (left hand)
 v - an amulet of resist mutation (around neck)
 E - an uncursed ring of invisibility
 L - an uncursed ring of positive energy
 P - a ring of protection from cold (right hand)
Magical devices
 d - a wand of heal wounds (2)
 g - a wand of slowing (23)
 j - a wand of fireball (3)
 k - a wand of magic darts (27)
 n - a wand of fireball (5)
 q - a wand of lightning (1)
 t - a wand of disintegration (11)
 u - a wand of paralysis (8)
 C - a wand of fire (6)
Scrolls
 f - 17 scrolls of identify
 h - 6 scrolls of teleportation
 i - 5 scrolls of recharging
 m - 5 scrolls of magic mapping
 s - a scroll of enchant weapon
 x - 5 scrolls of enchant armour
 y - a scroll of fog
 R - 5 scrolls of remove curse
 T - a scroll of silence
 X - 2 scrolls of fear
Potions
 w - 3 potions of resistance
 z - 8 potions of curing
 B - a potion of flight
 Y - 4 potions of haste
Miscellaneous
 I - a phial of floods
 M - a stone of tremors (inert)
 O - a box of beasts
Comestibles
 c - 22 bread rations


   Skills:
 - Level 10.0 Fighting
 + Level 21.0 Axes
 + Level 9.9(12.2) Slings
 + Level 11.0(12.2) Throwing
 - Level 10.5 Armour
 - Level 10.0 Dodging
 + Level 9.5 Stealth
 + Level 10.6 Evocations


You had 15 spell levels left.
You didn't know any spells.

Dungeon Overview and Level Annotations

Branches:
Dungeon (15/15)            Temple (1/1) D:5            Lair (8/8) D:11
 Shoals (1/5) Lair:4       Spider (5/5) Lair:6        Slime (1/6) Lair:7
    Orc (4/4) D:9             Elf (1/3) Orc:4        Vaults (0/5) D:13
 Depths (1/5) D:15

Altars:
Ashenzari
Cheibriados
Dithmenos
Elyvilon
Fedhas
Gozag
Kikubaaqudgha
Makhleb
Nemelex Xobeh
Okawaru
Qazlal
Ru
Sif Muna
Trog
Vehumet
Xom
Yredelemnul
Zin
The Shining One
Jiyva

Shops:
D:13 (   Orc:1 (   Orc:3 [   Orc:4 =%?[

Annotations:
Lair:1 exclusion: oklob plant


Innate Abilities, Weirdness & Mutations

You reflexively headbutt those who attack you in melee.
You have a pair of horns on your head.
You are partially covered in large bone plates (AC +2, SH +2).
You have a somewhat thin skeletal structure (Dex +2, Stealth).
Armour fits poorly on your strangely shaped body.
Your flesh is heat resistant.
You are resistant to hostile enchantments.
You passively map the area around you.
Your system is resistant to poisons.
You expend magic power (6 MP) to strengthen your wands.


Message History

Drink which item? (? for menu, Esc to quit)
You feel better. The wolf spider hits you.
* * * LOW HITPOINT WARNING * * *
The wolf spider barely misses you.
The tarantella bites your two-headed ogre!
Your two-headed ogre appears confused.
The tarantella bites you.
* * * LOW HITPOINT WARNING * * *
The redback bites you.
* * * LOW HITPOINT WARNING * * *
The jumping spider closely misses you. You furiously retaliate!
You headbutt the jumping spider. The jumping spider bites you.
* * * LOW HITPOINT WARNING * * *
The tarantella barely misses you. The wolf spider barely misses you.
You furiously retaliate!
You headbutt the wolf spider! The wolf spider bites you.
* * * LOW HITPOINT WARNING * * *
You are lethally poisoned!
The wolf spider poisons you! The tarantella bites you!
You die...

* ............., * , *
..........<..... ,
..........(..(..#
,,,..........#.#....# ,
....^..^..s(...(^.###
.........(........).###
.........(..(..(......#
≈...s.....(...s((.....##
,.........(§..ss@.......#
........^...(ssss<.....#
, .§..........O.s......##
§..^..^s.............## ,
s....(....)...........#
,,..#....(s......#.....#
....................# ,
.((................##
............#.....##


You could see a wolf spider, an orb spider, a trapdoor spider, 3 jumping
spiders, 3 tarantellas, 2 redbacks and a friendly two-headed ogre (berserk).

Vanquished Creatures
  Arachne (Spider:3)
  Nikola (Spider:3)
  Kirke (Spider:4)
  The ghost of Artificial the Impaler, a powerful HOFi of Beogh (IceCv)
  A ghost moth (Spider:2)
  An emperor scorpion (Spider:5)
  Snorg (Orc:3)
  A vault guard (D:13)
  A fire dragon (Lair:8)
  An ice dragon (D:15)
  8 hydras
  The ghost of tedric the Thaumaturge, a powerful MfIE of Vehumet (Volcano)
  A centaur warrior (D:13)
  A tengu warrior (D:10)
  3 death yaks (Lair:8)
  2 orc high priests (Orc:4)
  An ice devil (IceCv)
  5 skeletal warriors
  2 unseen horrors (D:15)
  3 ice statues (IceCv)
  Erolcha (Orc:4)
  5 hill giants
  2 orc knights
  An orc sorcerer (Orc:4)
  10 orb spiders
  2 griffons
  22 wolf spiders
  4 cyclopes
  A manticore (Volcano)
  A moth of wrath (Spider:2)
  14 elephants
  A siren (Lair:4)
  A hornet (Spider:3)
  6 black mambas
  3 ugly things (D:15)
  Joseph (Orc:3)
  3 centaur zombies
  A torpor snail (Lair:3)
  5 demonic crawlers
  2 kobold demonologists (D:14)
  13 spiny frogs
  8 komodo dragons
  6 blue devils (IceCv)
  7 fire drakes
  A merfolk (Lair:4)
  9 trolls
  A wandering mushroom (Lair:7)
  A tengu conjurer (D:12)
  27 jumping spiders
  9 polar bears
  7 ravens
  25 blink frogs
  A boulder beetle (Lair:6)
  3 slime creatures (D:12)
  5 two-headed ogres
  A raiju (Lair:8)
  2 basilisks
  3 deep elf magi
  14 trapdoor spiders
  A shadow (D:11)
  A human (D:7)
  32 yaks
  22 redbacks
  A wyvern (D:12)
  10 fire bats (Volcano)
  20 tarantellas
  3 hogs (Spider:4)
  12 hippogriffs
  4 vampire mosquitoes (D:15)
  A fire elemental (Spider:3)
  5 mottled dragons
  3 hell hounds
  10 wargs
  3 steam dragons
  24 wolves
  22 orc warriors
  3 wasps
  33 spiders
  2 swamp drakes
  19 water moccasins
  2 phantoms
  2 necrophages
  9 ice beasts
  9 porcupines
  10 sky beasts
  7 ogres
  13 black bears
  13 crocodiles
  A boring beetle (Spider:3)
  9 centaurs
  Duvessa (D:7)
  2 gnoll sergeants
  9 big kobolds
  26 giant frogs
  5 scorpions
  The ghost of johnny133 the Shield-Bearer, a weakling MiFi (D:3)
  12 killer bees
  5 wights (D:12)
  A quasit (D:9)
  2 electric eels
  2 jellies
  8 crimson imps
  30 hounds
  2 lava snakes (D:13)
  A goliath beetle (D:6)
  4 draconian simulacra (IceCv)
  A giant frog zombie (D:12)
  A centaur skeleton (D:8)
  2 giant frog skeletons
  31 orc priests
  41 orc wizards
  10 iguanas
  A spriggan simulacrum (IceCv)
  2 troll simulacra (IceCv)
  A killer bee zombie (D:9)
  19 sheep
  5 worker ants
  Ijyb (D:2)
  A centaur simulacrum (IceCv)
  2 hound zombies
  A hound skeleton (D:4)
  27 adders
  106 river rats
  12 gnolls
  A naga simulacrum (IceCv)
  An ogre simulacrum (IceCv)
  4 shadow imps
  8 white imps (Lair:5)
  6 worms
  2 adder skeletons
  3 oozes
  175 orcs
  12 bats
  A bat skeleton (D:7)
  24 goblins
  22 hobgoblins
  13 jackals
  39 kobolds
  3 giant cockroaches
  5 giant geckos
  5 giant newts
  A giant spore (D:12)
  2 jackal skeletons
  An orc zombie (D:5)
  9 quokkas
  A quokka zombie (D:7)
  11 rats
  3 ballistomycetes (D:12)
  6 fungi
  12 plants
1317 creatures vanquished.

Vanquished Creatures (collateral kills)
  An acid blob (Lair:7)
  Frances (Spider:2)
  Gastronok (Lair:1)
  Azrael (Spider:3)
  An ice dragon (D:15)
  3 death yaks (Lair:8)
  2 orc high priests (Orc:4)
  The ghost of sanddemon the Thaumaturge, an experienced OpWz of Sif Muna (D:8)
  2 ice devils (IceCv)
  3 wolf spiders
  3 hill giants
  A necromancer (IceCv)
  2 orb spiders (Spider:2)
  A rust devil (Orc:4)
  A hornet (Spider:1)
  Maurice (D:9)
  4 elephants (Lair:4)
  A komodo dragon (Lair:8)
  6 jumping spiders
  A blink frog (Lair:3)
  2 blue devils (IceCv)
  A raiju (Lair:8)
  A polar bear (Lair:8)
  2 two-headed ogres
  2 trapdoor spiders
  8 redbacks
  3 tarantellas (Spider:3)
  2 deep elf magi
  A warg (Lair:8)
  A black bear (Lair:8)
  A sky beast (D:5)
  3 spiders (Spider:3)
  5 hell hounds
  2 orc warriors (Orc:4)
  An ice beast (D:5)
  A giant frog (D:8)
  A goliath beetle (D:8)
  8 orc priests (Orc:4)
  Dowan (D:7)
  A jelly (D:12)
  5 orc wizards (Orc:4)
  6 sheep (Lair:7)
  3 river rats (Lair:7)
  4 white imps (Lair:5)
  An orc (Orc:4)
  A kobold (D:8)
  2 rats
106 creatures vanquished.

Vanquished Creatures (others)
  A troll (Lair:8)
  5 two-headed ogres
  A human (Spider:5)
  2 black bears (D:6)
  4 ogres
  2 fungi (Lair:3)
  6 plants
21 creatures vanquished.

Grand Total: 1444 creatures vanquished

Notes
Turn   | Place    | Note
--------------------------------------------------------------
     0 | D:1      | tkappleton, the Minotaur Berserker, began the quest for the Orb.
     0 | D:1      | Reached XP level 1. HP: 19/19 MP: 1/1
   240 | D:1      | Reached skill level 4 in Axes
   348 | D:1      | Reached XP level 2. HP: 26/26 MP: 1/1
   635 | D:1      | Reached skill level 5 in Axes
   826 | D:1      | Reached XP level 3. HP: 31/31 MP: 2/2
   904 | D:1      | Acquired Trog's second power
  1018 | D:2      | Noticed Ijyb
  1042 | D:2      | Killed Ijyb
  1042 | D:2      | Reached skill level 1 in Throwing
  1178 | D:2      | Reached XP level 4. HP: 39/39 MP: 2/2
  1670 | D:2      | Found an iron altar of Okawaru.
  1670 | D:2      | Found a glowing golden altar of the Shining One.
  2087 | D:3      | Reached skill level 6 in Axes
  2087 | D:3      | Reached XP level 5. HP: 45/45 MP: 2/2
  2096 | D:3      | Received a gift from Trog
  2118 | D:3      | Noticed johnny133's ghost (weakling MiFi)
  2122 | D:3      | Killed johnny133's ghost
  2716 | D:4      | Reached XP level 6. HP: 51/51 MP: 3/3
  2779 | D:4      | Noticed a phantom
  2794 | D:4      | Killed a phantom
  2794 | D:4      | Reached skill level 7 in Axes
  3174 | D:5      | Entered Level 5 of the Dungeon
  3286 | D:5      | Found a staircase to the Ecumenical Temple.
  3301 | D:5      | Acquired Trog's third power
  3304 | Temple   | Entered the Ecumenical Temple
  3521 | D:5      | Reached XP level 7. HP: 54/57 MP: 3/3
  3590 | D:5      | Noticed a water moccasin
  3598 | D:5      | Killed a water moccasin
  3598 | D:5      | Reached skill level 5 in Throwing
  3658 | D:5      | Noticed a two-headed ogre
  3663 | D:5      | Killed a two-headed ogre
  3663 | D:5      | Reached skill level 8 in Axes
  3955 | D:5      | Reached skill level 1 in Slings
  4758 | D:6      | Noticed a hill giant
  5013 | D:5      | Received a gift from Trog
  5276 | D:6      | Reached XP level 8. HP: 64/64 MP: 3/3
  5941 | D:6      | Killed a hill giant
  6207 | D:7      | Reached skill level 5 in Slings
  6396 | D:7      | Reached XP level 9. HP: 52/70 MP: 4/4
  6671 | D:7      | Received a gift from Trog
  6789 | D:7      | Noticed Dowan
  6790 | D:7      | Noticed Duvessa
  6794 | D:7      | Killed Dowan
  6798 | D:7      | Killed Duvessa
  7034 | D:7      | Reached skill level 9 in Throwing
  7080 | D:7      | Found a shadowy altar of Dithmenos.
  7104 | D:7      | Found a sacrificial altar of Ru.
  7105 | D:7      | Found a stormy altar of Qazlal.
  7223 | D:7      | Gained mutation: You passively map a small area around you. [mutagenic meat]
  7224 | D:7      | Gained mutation: You are partially covered in yellow scales (AC +2). [mutagenic meat]
  7421 | D:7      | Received a gift from Trog
  7795 | D:8      | Got a spiked leather armour
  7798 | D:8      | Identified the -2 leather armour of Caorroi {rF+} (You found it on level 8 of the Dungeon)
  7859 | D:8      | Upgraded the game from 0.16.0-16-g311141a to 0.16.0-17-g811c1d7
  7888 | D:8      | Reached skill level 10 in Axes
  7905 | D:8      | Noticed sanddemon's ghost (experienced OpWz)
  7918 | D:8      | Killed sanddemon's ghost
  7918 | D:8      | Reached XP level 10. HP: 77/77 MP: 4/4
  7947 | D:8      | Reached skill level 11 in Axes
  8672 | D:9      | Reached skill level 12 in Axes
  8676 | D:9      | Gained mutation: Scrolls take you a little longer to read. [mutagenic meat]
  8677 | D:9      | Gained mutation: You have a somewhat thin skeletal structure (Dex +2, Stealth). [mutagenic meat]
  8686 | D:9      | Received a gift from Trog
  8870 | D:9      | Found a burning altar of Makhleb.
  8870 | D:9      | Found a shimmering altar of Xom.
  9289 | D:9      | Gained mutation: Armour fits poorly on your strangely shaped body. [mutagenic meat]
  9330 | D:9      | Noticed Maurice
  9377 | D:9      | Killed Maurice
  9430 | D:9      | Paralysed by a wasp for 3 turns
  9435 | D:9      | Reached skill level 13 in Axes
  9525 | D:9      | Found a staircase to the Orcish Mines.
  9992 | D:10     | Entered Level 10 of the Dungeon
 10261 | D:10     | Received a gift from Trog
 10412 | D:10     | Reached skill level 14 in Axes
 10650 | D:10     | Gained mutation: You have large cloven feet. [mutagenic meat]
 10651 | D:10     | Gained mutation: Your body is slowly deteriorating. [mutagenic meat]
 10652 | D:10     | Gained mutation: You are partially covered in large bone plates (AC +2, SH +2). [mutagenic meat]
 10675 | D:10     | Noticed a hill giant
 10684 | D:10     | Killed a hill giant
 10684 | D:10     | Reached XP level 11. HP: 82/82 MP: 4/4
 10832 | D:10     | Noticed a tengu warrior
 10837 | D:10     | Received a gift from Trog
 10855 | D:10     | Killed a tengu warrior
 10855 | D:10     | Reached skill level 15 in Axes
 11288 | D:11     | Received a gift from Trog
 11387 | D:11     | Gained mutation: You are dopey. (Int -2) [mutagenic meat]
 11558 | D:11     | Found a staircase to the Lair.
 11785 | D:11     | Found an opulent altar of Gozag.
 11858 | D:12     | Reached skill level 16 in Axes
 12031 | D:12     | Noticed a hill giant
 12041 | D:12     | Killed a hill giant
 12539 | D:12     | Noticed a hill giant
 12542 | D:12     | Killed a hill giant
 12569 | D:12     | Received a gift from Trog
 12619 | D:12     | Reached skill level 17 in Axes
 12759 | D:12     | Lost intelligence.
 12762 | D:12     | Gained mutation: You are resistant to hostile enchantments. [potion of mutation]
 12762 | D:12     | Gained mutation: You expend magic power (3 MP) to slightly strengthen your wands. [potion of mutation]
 12763 | D:12     | Lost mutation: You are dopey. (Int -2) [potion of mutation]
 12763 | D:12     | Gained mutation: Your system is resistant to poisons. [potion of mutation]
 12763 | D:12     | Gained mutation: Your spells are a little harder to cast, but a little more powerful. [potion of mutation]
 12764 | D:12     | Lost mutation: Your body is slowly deteriorating. [potion of mutation]
 12764 | D:12     | Gained mutation: Your flesh is heat resistant. [potion of mutation]
 12764 | D:12     | Gained mutation: You passively map the area around you. [potion of mutation]
 12838 | D:12     | Noticed a hill giant
 12845 | D:12     | Killed a hill giant
 13287 | D:12     | Reached XP level 12. HP: 90/90 MP: 5/5
 13361 | D:12     | Received a gift from Trog
 13650 | D:12     | Reached skill level 18 in Axes
 14307 | D:13     | Found Bles' Antique Weapon Shop.
 14446 | D:13     | Noticed a centaur warrior
 14464 | D:13     | Killed a centaur warrior
 14876 | D:13     | Found a gate to the Vaults.
 14876 | D:13     | Noticed a vault guard
 14890 | D:13     | Killed a vault guard
 15118 | D:13     | Reached skill level 19 in Axes
 15238 | Lair:1   | Entered Level 1 of the Lair of Beasts
 15593 | Lair:1   | Reached skill level 5 in Fighting
 15687 | Lair:1   | Received a gift from Trog
 15775 | Lair:1   | Received a gift from Trog
 15801 | Lair:1   | Noticed Gastronok
 15813 | Lair:1   | Killed Gastronok
 16285 | Lair:2   | Received a gift from Trog
 16285 | Lair:2   | Reached skill level 5 in Armour
 16362 | Lair:2   | Reached skill level 5 in Dodging
 16367 | Lair:2   | Found a burning altar of Makhleb.
 16583 | Lair:2   | Received a gift from Trog
 16992 | Lair:2   | Reached XP level 13. HP: 102/102 MP: 5/5
 17233 | Lair:3   | Upgraded the game from 0.16.0-17-g811c1d7 to 0.16.1
 18869 | Lair:4   | Received a gift from Trog
 19104 | Lair:4   | Received a gift from Trog
 19317 | Lair:4   | Received a gift from Trog
 19532 | Lair:4   | Found a staircase to the Shoals.
 19548 | Shoals:1 | Entered Level 1 of the Shoals
 19660 | Lair:5   | Found a frozen archway.
 19673 | Lair:5   | Received a gift from Trog
 19716 | IceCv    | Entered an ice cave
 19723 | IceCv    | Noticed Artificial's ghost (powerful HOFi)
 19737 | IceCv    | Killed Artificial's ghost
 20398 | IceCv    | Reached XP level 14. HP: 96/119 MP: 5/5
 20484 | IceCv    | Got a smoking ring mail
 20496 | IceCv    | Got an ancient ring mail
 20499 | IceCv    | Identified the +4 ring mail of the Lion {rN+} (You found it in an ice cave)
 20501 | IceCv    | Identified the +5 ring mail of Vueziel {rPois rN+ Int+3} (You found it in an ice cave)
 20608 | Lair:5   | Reached skill level 10 in Fighting
 20701 | Lair:5   | Reached skill level 1 in Evocations
 20723 | Lair:5   | Reached skill level 10 in Armour
 20825 | Lair:5   | Received a gift from Trog
 20910 | Lair:5   | Reached skill level 1 in Stealth
 21870 | Lair:6   | Found a hole to the Spider Nest.
 21932 | Spider:1 | Entered Level 1 of the Spider Nest
 21983 | Lair:6   | Got a jasper-encrusted leather armour
 21986 | Lair:6   | Identified the +2 leather armour of Rakuifop {rPois rN+} (You found it on level 6 of the Lair of Beasts)
 22255 | Lair:6   | Reached skill level 10 in Dodging
 22338 | Lair:6   | Received a gift from Trog
 22798 | Lair:7   | Found a viscous altar of Jiyva.
 22799 | Lair:7   | Found a staircase to the Slime Pits.
 22817 | Slime:1  | Entered Level 1 of the Pits of Slime
 22817 | Slime:1  | Noticed an acid blob
 22824 | Lair:7   | Killed an acid blob
 22824 | Lair:7   | Received a gift from Trog
 23120 | Lair:7   | Received a gift from Trog
 24014 | Orc:1    | Entered Level 1 of the Orcish Mines
 24216 | Orc:1    | Upgraded the game from 0.16.1 to 0.16.1-2-g95b8d4c
 24233 | Orc:2    | Noticed Snorg
 24445 | Orc:3    | Received a gift from Trog
 24557 | Orc:3    | Found Semoav's Armour Boutique.
 24626 | Orc:3    | Noticed Joseph
 24630 | Orc:3    | Killed Joseph
 24630 | Orc:3    | Received a gift from Trog
 24881 | Orc:3    | Received a gift from Trog
 24881 | Orc:3    | Reached skill level 5 in Evocations
 25344 | Orc:3    | Killed Snorg
 25760 | Orc:4    | Entered Level 4 of the Orcish Mines
 25816 | Orc:4    | Found a dark tunnel.
 25887 | Volcano  | Entered a volcano
 25894 | Volcano  | Received a gift from Trog
 25928 | Volcano  | Noticed tedric's ghost (powerful MfIE)
 25952 | Volcano  | Killed tedric's ghost
 25952 | Volcano  | Reached skill level 5 in Stealth
 26008 | Orc:4    | Received a gift from Trog
 26323 | Orc:4    | Received a gift from Trog
 26432 | Orc:4    | Received a gift from Trog
 26440 | Orc:4    | Found Wided's Jewellery Shoppe.
 26440 | Orc:4    | Found Blomar's Food Shoppe.
 26455 | Orc:4    | Reached XP level 15. HP: 113/126 MP: 20/20
 26456 | Orc:4    | Found Mugrug's Antique Armour Emporium.
 26465 | Orc:4    | Found Klourr's Magic Scroll Emporium.
 26496 | Orc:4    | Received a gift from Trog
 26727 | Orc:4    | Found a staircase to the Elven Halls.
 26755 | Elf:1    | Entered Level 1 of the Elven Halls
 26865 | Orc:4    | Noticed Erolcha
 26880 | Orc:4    | Killed Erolcha
 27280 | Orc:1    | Found Struwuyfadd's Weapon Shop.
 27313 | Orc:1    | Received a gift from Trog
 30075 | Lair:8   | Entered Level 8 of the Lair of Beasts
 30524 | Lair:8   | Received a gift from Trog
 30963 | Lair:8   | Received a gift from Trog
 31496 | Lair:8   | Reached skill level 20 in Axes
 31595 | Lair:8   | Received a gift from Trog
 31731 | Lair:8   | Received a gift from Trog
 31855 | Lair:8   | Got a dazzling hat
 31861 | Lair:8   | Identified the -4 hat "Vyho" {rF+ Int+2} (You found it on level 8 of the Lair of Beasts)
 32124 | D:14     | Found an iron altar of Okawaru.
 32505 | D:14     | Lost mutation: You have large cloven feet. [potion of mutation]
 32505 | D:14     | Lost mutation: Scrolls take you a little longer to read. [potion of mutation]
 32505 | D:14     | Gained mutation: You expend magic power (6 MP) to strengthen your wands. [potion of mutation]
 32785 | D:15     | Entered Level 15 of the Dungeon
 33661 | D:15     | Received a gift from Trog
 33662 | D:15     | Got a slimy greatsling {god gift}
 33663 | D:15     | Identified the +11 greatsling "Beastbane" {freeze, rN++ Str-5} (Trog gifted it to you on level 15 of the Dungeon)
 33676 | D:15     | Found a staircase to the Depths.
 33770 | D:15     | Lost mutation: Your spells are a little harder to cast, but a little more powerful. [mutagenic meat]
 33771 | D:15     | Lost mutation: You are partially covered in yellow scales (AC +2). [mutagenic meat]
 34093 | Depths:1 | Entered Level 1 of the Depths
 35124 | Spider:1 | Reached XP level 16. HP: 91/134 MP: 24/24
 35939 | Spider:1 | Upgraded the game from 0.16.1-2-g95b8d4c to 0.16.1-4-g8e1b745
 36387 | Spider:2 | Noticed Frances
 36392 | Spider:2 | Killed Frances
 36432 | Spider:2 | Received a gift from Trog
 36992 | Spider:2 | Reached skill level 10 in Throwing
 37142 | Spider:2 | You fall through a shaft!
 37234 | Spider:2 | Received a gift from Trog
 37835 | Spider:3 | Received a gift from Trog
 38015 | Spider:3 | Noticed Azrael
 38029 | Spider:3 | Killed Azrael
 38033 | Spider:3 | Reached skill level 10 in Evocations
 38355 | Spider:3 | Noticed Arachne
 38753 | Spider:3 | Received a gift from Trog
 38816 | Spider:3 | Noticed Nikola
 38844 | Spider:3 | Killed Nikola
 39362 | Spider:3 | Killed Arachne
 39611 | Spider:3 | Got a pair of pitted boots
 39617 | Spider:3 | Identified the -1 pair of boots of Context {rPois} (You found it on level 3 of the Spider Nest)
 40268 | Spider:4 | Received a gift from Trog
 40570 | Spider:4 | Noticed Kirke
 40581 | Spider:4 | Killed Kirke
 40891 | Spider:5 | Entered Level 5 of the Spider Nest
 40896 | Spider:5 | Reached skill level 21 in Axes
 41214 | Spider:5 | Received a gift from Trog
 41293 | Spider:5 | HP: 6/134 [wolf spider (3)]
 41293 | Spider:5 | Slain by a tarantella

Action                   |  1- 3 |  4- 6 |  7- 9 | 10-12 | 13-15 | 16-18 || total
-------------------------+-------+-------+-------+-------+-------+-------++-------
Melee: Hand axe          |    50 |   148 |   173 |   184 |       |       ||   555
       Battleaxe         |       |       |       |   128 |   271 |       ||   399
       Executioner's axe |       |       |       |       |   443 |   164 ||   607
       Greatsling        |       |       |       |       |     6 |       ||     6
 Fire: Hunting sling     |       |       |   170 |   156 |       |       ||   326
       Greatsling        |       |       |       |       |    74 |   228 ||   302
Throw: Tomahawk          |    21 |    31 |    12 |   265 |   579 |    71 ||   979
       Javelin           |       |    21 |     4 |   136 |   671 |    32 ||   864
       Stone             |       |       |     1 |       |       |     2 ||     3
Invok: Berserk           |     1 |     2 |     3 |     3 |     2 |     3 ||    14
       Brothers in Arms  |       |       |     6 |    10 |    21 |    14 ||    51
       Trog's Hand       |       |       |     2 |     5 |     7 |     9 ||    23
       Burn Spellbooks   |       |       |       |     6 |     6 |     2 ||    14
Evoke: Box of beasts     |       |       |       |       |       |     2 ||     2
       Stone of tremors  |       |       |       |       |       |     1 ||     1
  Use: Scroll            |       |     2 |     7 |    11 |    13 |     4 ||    37
       Potion            |       |       |       |    17 |     5 |     8 ||    30
 Stab: Sleeping          |       |     1 |       |       |       |       ||     1
       Distracted        |       |       |       |       |     4 |       ||     4
  Eat: Chunk             |       |    11 |     5 |    36 |    23 |    10 ||    85
       Beef jerky        |       |       |     2 |     4 |     1 |       ||     7
       Bread ration      |       |       |     2 |       |       |     2 ||     4
       Pizza             |       |       |     1 |       |     8 |       ||     9
       Fruit             |       |       |       |     2 |    15 |       ||    17
       Meat ration       |       |       |       |       |     3 |     2 ||     5
